 Dungeon Crawl Stone Soup version 0.29-a0-816-g82769f0e0c (webtiles) character file.

Game seed: 17944300791139170727

420 Bapho the Conjurer (level 6, -6/35 HPs)
             Began as a Deep Elf Conjurer on July 5, 2022.
             Mangled by a gnoll sergeant
             ... wielding a +0 long sword
              (14 damage)
             ... on level 4 of the Dungeon.
             The game lasted 00:06:39 (4552 turns).

Bapho the Conjurer (Deep Elf Conjurer)              Turns: 4552, Time: 00:06:40

Health: -6/35      AC:  4    Str:  4    XL:     6   Next: 62%
Magic:  5/17       EV: 13    Int: 25    God:
Gold:   126        SH:  0    Dex: 13    Spells: 11/17 levels left

rFire   . . .      SeeInvis .   r - +0 spear
rCold   . . .      Faith    .   (no shield)
rNeg    . . .      Spirit   .   a - +0 robe
rPois   .          Reflect  .   (no helmet)
rElec   .          Harm     .   v - +0 cloak
rCorr   .          Rampage  .   w - +0 pair of gloves
Will    .....                   (no boots)
Stlth   ++........              (no amulet)
HPRegen 0.11/turn               (no ring)
MPRegen 0.15/turn               (no ring)

@: no status effects
A: no striking features
a: no special abilities


You were on level 4 of the Dungeon.
You visited 1 branch of the dungeon, and saw 4 of its levels.
You also visited: Sewer.

You collected 126 gold pieces.

Inventory:

Hand Weapons
 r - a +0 spear (weapon)
Missiles
 s - a throwing net
Armour
 a - a +0 robe (worn)
 u - +0 fire dragon scales
 v - a +0 cloak (worn)
 w - a +0 pair of gloves (worn)
Jewellery
 h - a ring of magical power
 q - an amulet of faith
Scrolls
 i - 4 scrolls of teleportation
 j - a scroll of immolation
 k - a scroll of blinking
 l - a scroll of acquirement {unknown}
 m - a scroll of enchant weapon {unknown}
 t - 4 scrolls of identify {unknown}
 x - a scroll of poison {unknown}
Potions
 b - a potion of magic
 c - a potion of degeneration {unknown}
 d - 3 potions of attraction {unknown}
 e - 2 potions of cancellation {unknown}
 f - 6 potions of curing {unknown}
 g - 2 potions of flight {unknown}
 n - a potion of mutation {unknown}
 o - 5 potions of heal wounds
 p - a potion of might {unknown}


   Skills:
 - Level 1.7 Fighting
 - Level 3.8 Dodging
 - Level 2.5 Stealth
 + Level 6.2 Spellcasting
 + Level 6.3 Conjurations


You had 11 spell levels left.
You knew the following spells:

 Your Spells              Type           Power      Damage    Failure   Level
a - Magic Dart            Conj           100%       1d8       1%          1
b - Searing Ray           Conj           78%        2d7       1%          2
c - Dazzling Flash        Conj/Hex       46%        N/A       6%          3

Your spell library contained the following spells:

 Spells                   Type           Power      Damage    Failure   Level
 Fulminant Prism          Conj/Hex       11%        3d9       21%         4
 Iskenderun's Mystic Bla  Conj/Tloc      23%        2d6       21%         4
 Ozocubu's Armour         Ice            7%         N/A       22%         3
 Ozocubu's Refrigeration  Ice            3%         4d5       100%        7


Dungeon Overview and Level Annotations

Branches:
Dungeon (4/15)              Sewer (visited)
 Temple: D:4-7

Altars:
Ashenzari

Shops:
D:1 *


Message History

Press: ? - help, Shift-Dir - straight line, f/p - gnoll sergeant
Aim: a gnoll sergeant, wielding a +0 long sword, wearing a +0 ring mail of cold resistance and wearing a +0 buckler (moderately wounded, 86% to hit)
The searing ray misses the gnoll sergeant.
The searing ray hits the gnoll.
The gnoll is heavily wounded. (Press . to maintain the ray.)
The gnoll sergeant hits you with a +0 long sword.
The gnoll closely misses you.
The searing ray hits the gnoll sergeant.
The gnoll sergeant is heavily wounded.
The searing ray hits the gnoll.
You kill the gnoll!
The gnoll sergeant barely misses you.
The searing ray hits the gnoll sergeant!
The gnoll sergeant is severely wounded.
The gnoll sergeant hits you with a +0 long sword.
The searing ray hits the gnoll sergeant.
The gnoll sergeant is severely wounded.
You finish channelling your searing ray.
The gnoll sergeant misses you.
Casting: Searing Ray (safe; 1% risk of failure)
Confirm with . or Enter, or press ? or * to list all spells.
Aiming: Searing Ray (safe; 1% risk of failure)
Press: ? - help, Shift-Dir - straight line, f/p - gnoll sergeant
Aim: a gnoll sergeant, wielding a +0 long sword, wearing a +0 ring mail of cold resistance and wearing a +0 buckler (severely wounded, 86% to hit)
The searing ray hits the gnoll sergeant.
The gnoll sergeant is almost dead. (Press . to maintain the ray.)
The gnoll sergeant drinks a potion.
The gnoll sergeant is healed!
The searing ray hits the gnoll sergeant.
The gnoll sergeant is lightly wounded.
The gnoll sergeant hits you with a +0 long sword!
* * * LOW HITPOINT WARNING * * *
The searing ray hits the gnoll sergeant.
The gnoll sergeant is moderately wounded.
The gnoll sergeant hits you with a +0 long sword.
* * * LOW HITPOINT WARNING * * *
The gnoll sergeant attacks as you move away!
The gnoll sergeant hits you with a +0 long sword!
You die...

####################
#..g@..............#
#.################.#
#.# #.## #.# ##.#.
#)# ###..).
#.#*****#######......
#.....#,...........##
#####.#,#######.##...
*,#.# #.#####


You could see a gnoll sergeant.

Vanquished Creatures
  A black bear (D:4)
  2 hounds (D:4)
  A jelly (D:4)
  An orc wizard (D:3)
  5 adders
  4 gnolls (D:4)
  5 river rats (Sewer)
  2 dart slugs (D:1)
  4 orcs (D:3)
  9 ball pythons
  2 endoplasms
  4 giant cockroaches
  8 goblins
  9 hobgoblins
  4 quokkas
  4 bats
  13 frilled lizards
  3 kobolds
  16 rats
97 creatures vanquished.

Notes
Turn   | Place    | Note
-------+----------+-------------------------------------------
     0 | D:1      | Bapho the Deep Elf Conjurer began the quest for the Orb.
     0 | D:1      | Reached XP level 1. HP: 10/10 MP: 6/6
    52 | D:1      | Found Jappacee's Assorted Antiques.
   104 | D:1      | Reached XP level 2. HP: 15/15 MP: 0/8
   612 | D:1      | Found a faded altar of an unknown god.
   664 | D:1      | Learned a level 2 spell: Searing Ray
   749 | D:2      | Reached XP level 3. HP: 19/19 MP: 8/10
   753 | D:2      | Learned a level 3 spell: Dazzling Flash
  1792 | D:3      | Reached skill level 1 in Fighting
  1978 | D:3      | Found a broken altar of Ashenzari.
  1983 | D:3      | Reached XP level 4. HP: 25/25 MP: 6/11
  2660 | D:4      | Reached skill level 5 in Conjurations
  2664 | D:4      | Noticed a gnoll sergeant
  2986 | D:4      | Found a glowing drain.
  3020 | Sewer    | Entered a sewer
  3062 | Sewer    | Reached XP level 5. HP: 30/30 MP: 9/13
  4058 | D:4      | Reached skill level 5 in Spellcasting
  4110 | D:4      | Reached XP level 6. HP: 35/35 MP: 8/16
  4552 | D:4      | Mangled by a gnoll sergeant

Illustrated notes

Levels and vault maps discovered:
D:1:      dpeg_arrival_radiant, layout_rooms, basic_ecumenical_altar,
          serial_shops, shop, minmay_surrounded
D:2:      layout_basic
D:3:      layout_basic, mainiacjoe_overflow_chevrons
D:4:      layout_loops_ring, portal_sewer_entry_b

Skill      XL: |  1  2  3  4  5  6 |
---------------+-------------------+-----
Dodging        | 3 |  3.8
Fighting       | 1 |  1.7
Spellcasting   | 4 5 6 |  6.2
Conjurations   | 5 6 |  6.3
Stealth        | |  2.5

Action                   |  1- 3 |  4- 6 || total
-------------------------+-------+-------++-------
 Cast: Magic Dart        |    79 |    94 ||   173
       Searing Ray       |       |    10 ||    10
  Use: Scroll            |       |     4 ||     4
Armor: Robe              |     1 |     5 ||     6
Dodge: Dodged            |     3 |    15 ||    18

Table legend: (Time is in decaauts)
 A = Elapsed time spent in this place.
 B = Non-inter-level travel time spent in this place.
 C = Inter-level travel time spent in this place.
 D = Time resting spent in this place.
 E = Time spent auto-exploring this place.
 F = Levels seen in this place.
 G = Mean time per level.
                   A        B        C        D        E       F      G
               +--------+--------+--------+--------+--------+-----+--------+
         Total |   4588 |   4495 |     93 |    328 |   3597 |   5 |  917.6 |
       Dungeon |   3822 |   3729 |     93 |    328 |   2926 |   4 |  955.5 |
         Sewer |    765 |    765 |      0 |      0 |    671 |   1 |  765.0 |
               +--------+--------+--------+--------+--------+-----+--------+

Top non-repeatable levels by time:
     D:3: 1112 daAuts
     D:2: 1022 daAuts
     D:4: 1015 daAuts
   Sewer: 765 daAuts
     D:1: 672 daAuts
